 Seeded DCSS version 0.28.0-61-g67df4f89a8 (webtiles) character file.

Game seed: 16604929621183420662 (custom seed)

968 tkbsonic5 the Skirmisher (level 8, -2/61 HPs)
             Began as a Djinni Conjurer on Feb 15, 2023.
             Was a Follower of Nemelex Xobeh.
             Killed by divine providence
             ... invoked by an orc priest
              (15 damage)
             ... on level 6 of the Dungeon on Feb 16, 2023.
             The game lasted 00:26:23 (5770 turns).

tkbsonic5 the Skirmisher (Djinni Conjurer)          Turns: 5770, Time: 00:26:24

Health: -2/61      AC:  8    Str: 10    XL:     8   Next: 38%
Gold:   254        EV: 12    Int: 27    God:    Nemelex Xobeh [*.....] SH:  0 Dex: 13

rFire   + . .      SeeInvis .   p - +3 whip (venom)
rCold   x . .      Faith    +   (no shield)
rNeg    . . .      Spirit   .   a - +0 robe
rPois   ∞          Reflect  .   c - +0 helmet
rElec   .          Harm     +   C - scarf {harm}
rCorr   .          Rampage  .   f - +0 pair of gloves
Will    .....                   (boots unavailable)
Stlth   ++........              r - amulet of faith
HPRegen 0.20/turn               q - +4 ring of protection
MPRegen 0.00/turn               d - ring of Hups {Fly rPois rF- Str+4 Int+6}

@: flying, hasted, very quick
A: sickness immunity, fire resistance 2, cold vulnerability 1, float, innate
caster, HP casting, extra vitality 1
a: Renounce Religion, Draw Escape, Draw Destruction, Draw Summoning


You were on level 6 of the Dungeon.
You worshipped Nemelex Xobeh.
Nemelex Xobeh was aware of your devotion.
You visited 1 branch of the dungeon, and saw 6 of its levels.

You collected 254 gold pieces.

Inventory:

Hand Weapons
 j - a +0 spear
 p - a +3 whip of venom (weapon)
Missiles
 h - 5 boomerangs
 i - a throwing net
 A - 2 poisoned darts
Armour
 a - a +0 robe (worn)
 c - a +0 helmet (worn)
 f - a +0 pair of gloves (worn)
 m - a +1 pair of gloves
 n - a +0 leather armour
 t - a +0 cloak
 C - a scarf of harm (worn)
Magical Staves
 w - a staff of poison
Jewellery
 d - the ring of Hups (right hand) {Fly rPois rF- Str+4 Int+6}
   (You acquired it on level 4 of the Dungeon)

   [ring of intelligence]

   Str:       It affects your strength (+4).
   Int:       It affects your intelligence (+6).
   rF:        It makes you vulnerable to fire.
   rPois:     It protects you from poison.
   Fly:       It grants you flight.
 q - a +4 ring of protection (left hand)
 r - an amulet of faith (around neck)
 y - a +4 ring of protection
Wands
 l - a wand of flame (15)
Scrolls
 g - a scroll of magic mapping
 z - a scroll of teleportation
Potions
 b - 3 potions of attraction
 e - a potion of heal wounds {unknown}
 s - a potion of mutation {unknown}
 u - a potion of degeneration {unknown}
 v - 2 potions of brilliance
 x - 2 potions of flight {unknown}


   Skills:
 * Level 6.1 Fighting
 * Level 0.3 Maces & Flails
 + Level 0.1 Armour
 + Level 2.3 Dodging
 - Level 1.5 Stealth
 * Level 5.8 Spellcasting
 + Level 0.1 Invocations
 + Level 1.0 Evocations


You couldn't memorise any spells.
You knew the following spells:

 Your Spells              Type           Power      Damage    Failure   Level
a - Magic Dart            Conj           100%       1d8       1%          1
b - Searing Ray           Conj           78%        2d7       1%          2
c - Dazzling Flash        Conj/Hex       78%        N/A       1%          3
d - Fulminant Prism       Conj/Hex       19%        3d11      6%          4
e - Iskenderun's Mystic   Conj/Tloc      39%        2d9       6%          4
f - Summon Small Mammal   Summ           100%       N/A       1%          1
g - Passwall              Tmut/Erth      32%        N/A       1%          2
h - Call Imp              Summ           39%        N/A       1%          2
Your spell library was empty.

Dungeon Overview and Level Annotations

Branches:
Dungeon (6/15)
 Temple: D:4-7

Altars:
Gozag
Kikubaaqudgha
Makhleb
Nemelex Xobeh
The Shining One

Annotations:
D:4 1 runed translucent door, Crazy Yiuf


Innate Abilities, Weirdness & Mutations

You are immune to sickness and miasma.
You are immune to poison.
Your flesh is very heat resistant. (rF++)
You are vulnerable to cold. (rC-)
You float through the air rather than walking.
You learn spells naturally, not from books.
Your magical power is your life essence.
You have superior vitality. (+4 MHP)


Message History

Casting: Iskenderun's Mystic Blast (dangerous; 6% risk of failure)
Confirm with . or Enter, or press ? or * to list all spells.
Okay, then.
Casting: Iskenderun's Mystic Blast (dangerous; 6% risk of failure)
Confirm with . or Enter, or press ? or * to list all spells.
Casting: Dazzling Flash (safe; 1% risk of failure)
Press: ? - help, Dir - look around, f - activate The orc priest is dazzled.
The magic dart hits the orc priest but does no damage.
The magic dart hits the orc priest but does no damage.
The orc priest is no longer blind.
The magic dart hits the orc priest.
The orc priest is moderately wounded.
Casting: Magic Dart (safe; 1% risk of failure)
Confirm with . or Enter, or press ? or * to list all spells.
Aiming: Searing Ray (safe; 1% risk of failure)
Press: ? - help, Shift-Dir - straight line, f/p - orc priest
Aim: an orc priest, wielding a +0 flail and wearing a +0 scale mail (moderately wounded, 83% to hit)
The searing ray hits the orc priest.
The orc priest is moderately wounded. (Press . to maintain the ray.)
The orc priest invokes the aid of Beogh against you.
Beogh smites you!
* * * LOW HITPOINT WARNING * * *
The searing ray hits the orc priest.
The orc priest is heavily wounded.
* * * LOW HITPOINT WARNING * * *
The orc priest calls down the wrath of Beogh upon you.
Pain shoots through your body!
* * * LOW HITPOINT WARNING * * *
You feel better.
Blink to where?
Press: ? - help, Dir - move target, p - orc priest
As you read the scroll of blinking, it crumbles to dust.
Okay, then.
You feel yourself speed up.
The orc priest mumbles some strange prayers to Beogh against you.
Beogh smites you!
You die...
Your body disappears without a glow.

....###)##.##
#......o..#
#####.##..#
#.##..# #.##..#
#######.##..#
>.......##..#
#######.....# #
#.##@## ### #.##.#
..#### #.##.#
#....########.##.#
...).......##.##.#
#....#####....##.#
..#### ####.##.#
### #######.##.# #
...........#


You could see an orc priest.

Vanquished Creatures
  Menkaure (D:4)
  A black bear (D:6)
  2 ogres (D:4)
  A centaur zombie (D:5)
  3 hounds
  A centaur skeleton (D:6)
  An orc priest (D:6)
  Ijyb (D:4)
  Natasha (twice) (D:2)
  2 iguanas (D:6)
  3 orc wizards
  A killer bee zombie (D:6)
  A hound skeleton (D:4)
  A gnoll (D:1)
  3 adders
  A river rat (D:3)
  4 ufetubi
  An adder skeleton (D:5)
  29 orcs
  6 ball pythons
  3 bats
  5 endoplasms
  5 giant cockroaches
  5 goblins
  2 hobgoblins (D:4)
  3 kobolds
  4 frilled lizards
  2 rats
94 creatures vanquished.

Vanquished Creatures (collateral kills)
  A hobgoblin (D:4)
1 creature vanquished.

Vanquished Creatures (others)
  12 fulminant prisms
  4 plants (D:2)
16 creatures vanquished.

Grand Total: 111 creatures vanquished

Notes
Turn   | Place    | Note
-------+----------+-------------------------------------------
     0 | D:1      | tkbsonic5 the Djinni Conjurer began the quest for the Orb.
     0 | D:1      | Reached XP level 1. HP: 15/15 MP: 0/0
    84 | D:1      | Found a faded altar of an unknown god.
   331 | D:1      | Reached skill level 1 in Fighting
   331 | D:1      | Reached XP level 2. HP: 14/22 MP: 0/0
   779 | D:1      | Reached XP level 3. HP: 21/27 MP: 0/0
   779 | D:1      | Learned a level 1 spell: Summon Small Mammal
  1503 | D:2      | Noticed Natasha
  1507 | D:2      | Killed Natasha
  1508 | D:2      | Reached skill level 2 in Fighting
  1508 | D:2      | Reached XP level 4. HP: 19/33 MP: 0/0
  1800 | D:2      | Noticed Natasha
  1803 | D:2      | Killed Natasha
  2423 | D:3      | Found an opulent altar of Gozag.
  2443 | D:3      | Found a glowing drain.
  2483 | D:3      | Reached XP level 5. HP: 35/40 MP: 0/0
  2483 | D:3      | Learned a level 2 spell: Passwall
  2786 | D:2      | Reached skill level 3 in Fighting
  3008 | D:3      | Found a burning altar of Makhleb.
  3008 | D:3      | Found a sparkling altar of Nemelex Xobeh.
  3106 | D:3      | Became a worshipper of Nemelex Xobeh the Trickster
  3217 | D:4      | Noticed an ogre
  3219 | D:4      | Noticed an ogre
  3222 | D:4      | Killed an ogre
  3223 | D:4      | Reached XP level 6. HP: 40/47 MP: 0/0
  3234 | D:4      | Killed an ogre
  3235 | D:4      | Reached skill level 4 in Fighting
  3460 | D:4      | Noticed Ijyb
  3468 | D:4      | Killed Ijyb
  3487 | D:4      | Noticed Menkaure
  3592 | D:4      | Reached XP level 7. HP: 47/53 MP: 0/0
  3592 | D:4      | Learned a level 2 spell: Call Imp
  3917 | D:4      | Reached skill level 5 in Spellcasting
  3991 | D:4      | Identified a scroll of acquirement
  3991 | D:4      | Acquired the ring of Hups {Fly rPois rF- Str+4 Int+6}
  4155 | D:4      | Killed Menkaure
  4156 | D:4      | Reached skill level 5 in Fighting
  4331 | D:4      | Reached * piety under Nemelex Xobeh
  4342 | D:4      | Found a runed translucent door.
  4343 | D:4      | Noticed Crazy Yiuf
  4401 | D:5      | Entered Level 5 of the Dungeon
  4401 | D:5      | Found a glowing golden altar of the Shining One.
  5026 | D:5      | Reached XP level 8. HP: 43/60 MP: 0/0
  5182 | D:6      | Received a gift from Nemelex Xobeh
  5539 | D:6      | Reached skill level 6 in Fighting
  5751 | D:6      | Reached skill level 1 in Evocations
  5770 | D:6      | Killed from afar by an orc priest

Illustrated notes

Levels and vault maps discovered:
D:1:      saegor_arrival_simple_e, layout_loops_cross,
          dreamdust_ecumenical_altar_hidden_monk_grotto,
          amcnicky_mini_rare_corridor_liquid, st_stairs_13,
          minmay_split_cup_small
D:2:      layout_loops_ring, serial_forest, infiniplex_forest_clump_cross,
          infiniplex_forest_lined_1, infiniplex_forest_straight_3,
          infiniplex_forest_clump_C, infiniplex_forest_clump_curved,
          infiniplex_forest_clump_large, infiniplex_forest_end_2,
          chequers_decorated_corner, uniq_natasha
D:3:      layout_rooms, nicolae_overflow_hidden_temple,
          gammafunk_temple_overflow_elements, overflow_temple_1_default,
          cheibrodos_sewer_entry_sluice
D:4:      layout_cave_pools, uniq_crazy_yiuf_cottage, uniq_menkaure, uniq_ijyb
D:5:      layout_basic, amcnicky_altar_gilded
D:6:      minmay_general_purpose_star, layout_loops_ring,
          kennysheep_generic_room_8

Skill      XL: |  1  2  3  4  5  6  7  8 |
---------------+-------------------------+-----
Fighting       | 1 2 3 4 5 6 |  6.1
Spellcasting   | 4 5 |  5.8
Evocations     | 1 |  1.0
Maces & Flails | |  0.3
Armour         | |  0.1
Dodging        | |  2.3
Stealth        | |  1.5
Invocations    | |  0.1

Action                   |  1- 3 |  4- 6 |  7- 9 || total
-------------------------+-------+-------+-------++-------
Melee: Spear             |     1 |     1 |       ||     2
       Whip              |       |     9 |     5 ||    14
Throw: Throwing net      |       |       |     1 ||     1
 Cast: Magic Dart        |    21 |    29 |    47 ||    97
       Searing Ray       |     4 |    20 |    10 ||    34
       Summon Small Mamm |       |     2 |     4 ||     6
       Dazzling Flash    |       |     2 |     2 ||     4
       Fulminant Prism   |       |     2 |    10 ||    12
       Iskenderun's Myst |       |       |    10 ||    10
       Call Imp          |       |       |     4 ||     4
Evoke: Wand              |       |       |     5 ||     5
  Use: Potion            |       |     2 |     3 ||     5
       Scroll            |       |     3 |    11 ||    14
Armor: Robe              |     3 |    12 |    12 ||    27
Dodge: Dodged            |     2 |    16 |    24 ||    42
